AoeStats
← zicolone

MegaRandom

508316593Analyzed
3v3 RM · 11d ago on Sep 21, 2026· 103m 29s· 6 players
Game mode
Random Map
Map size
Normal (6 player)
Population
200
Speed
Normal
Resources
Standard
Victory
Conquest
Starting age
Dark Age
Ending age
Imperial Age
RankedLock teamsTeams togetherTeam positionsShared explorationLock speedFull tech treeHidden civsTurbo modeCheats
Victory
Defeat
🇨🇭 Turks · Switzerland
1056
+16
🇬🇧 Tupi · United Kingdom
1043
+17
🇩🇪 Dravidians · Germany
1037
+17
🇮🇹 Bohemians · Italy
1082
-17
🇦🇷 Chinese · Argentina
1060
-17
🇹🇷 Vietnamese · Türkiye
1037
-16
Dyragor
13:21 Feudal Age
14:37 Loom
17:45 Castle Age
16:16 Horse Collar
16:25 Double-Bit Axe
17:27 Fishing Lines
19:09 Bow Saw
25:12 Imperial Age
24:48 Town Watch
25:39 Wheelbarrow
27:18 Conscription
28:41 Scale Barding Armor
28:47 Forging
28:52 Heavy Plow
30:44 Two-Man Saw
30:53 Bloodlines
30:45 Husbandry
32:17 Chain Barding Armor
32:33 Iron Casting
44:20 Plate Barding Armor
51:12 Hand Cart
51:29 Artillery
51:58 Medium Warships
54:15 Heavy Warships
57:59 Blast Furnace
56:53 Fletching
60:48 Elite Janissary
66:11 Padded Archer Armor
76:09 Demolition Ship
78:17 Caravan
80:44 Gillnets
82:39 Elite Cannon Galleon
94:12 Leather Archer Armor
96:30 Heavy Camel Rider
98:37 Ballistics
99:07 Ring Archer Armor
zicolone
11:13 Feudal Age
15:41 Castle Age
17:58 Double-Bit Axe
19:17 Bow Saw
18:47 Horse Collar
20:42 Wheelbarrow
19:53 Loom
21:12 Town Watch
22:44 Heavy Plow
23:43 Fletching
27:24 Thumb Ring
28:09 Bodkin Arrow
28:15 Padded Archer Armor
28:20 Gold Mining
28:26 Fishing Lines
30:03 Ballistics
33:37 Imperial Age
34:39 Medical Corps
34:03 Elite Elephant Archer
34:45 Bracer
35:01 Leather Archer Armor
36:53 Ring Archer Armor
37:27 Chemistry
41:46 Conscription
42:50 Hand Cart
42:36 Town Patrol
44:19 Elite Urumi Swordsman
45:18 Scale Barding Armor
45:24 Forging
45:48 Husbandry
47:26 Two-Man Saw
48:17 Chain Barding Armor
48:33 Iron Casting
49:44 Squires
49:30 Gambesons
49:47 Scale Mail Armor
50:27 Light Cavalry
51:54 Gillnets
52:31 Careening
52:35 Clinker Construction
52:47 Shipwright
53:35 Caravan
54:07 Coinage
71:32 Demolition Ship
77:49 Elite Urumi Swordsman
83:57 Elite Cannon Galleon
95:15 Banking
94:56 Guilds
BetrayedSnail57
9:19 Loom
12:17 Feudal Age
13:38 Wheelbarrow
12:53 Double-Bit Axe
15:36 Stone Mining
15:37 Gold Mining
19:49 Castle Age
17:45 Horse Collar
21:01 Bow Saw
20:52 Heavy Plow
26:18 Pikeman
26:59 Squires
27:13 Forging
27:04 Scale Mail Armor
26:54 Fletching
27:05 Padded Archer Armor
29:06 Bodkin Arrow
31:18 Leather Archer Armor
31:41 Iron Casting
31:23 Chain Mail Armor
33:09 Ballistics
40:00 Imperial Age
41:20 Gold Shaft Mining
43:47 Two-Man Saw
42:50 Bracer
43:21 Ring Archer Armor
43:57 Chemistry
42:22 Elite Blackwood Archer
44:08 Curare
45:05 Hand Cart
51:12 Plate Mail Armor
51:42 Caravan
53:36 Medium Warships
53:15 Onager
63:35 Redemption
63:47 Sanctity
73:05 Heavy Warships
74:07 Careening
74:09 Clinker Construction
75:23 Dry Dock
86:29 Halberdier
92:47 Murder Holes
cold1a
0:40 Loom
11:03 Feudal Age
17:01 Castle Age
19:22 Double-Bit Axe
19:19 Horse Collar
21:36 Wheelbarrow
24:31 Heavy Plow
24:43 Bow Saw
24:36 Town Watch
25:46 Stone Mining
29:18 Gold Mining
30:05 Stone Shaft Mining
30:07 Husbandry
32:42 Imperial Age
30:37 Chatras
31:13 Bloodlines
31:03 Husbandry
32:21 Padded Archer Armor
32:12 Fletching
32:32 Forging
32:29 Scale Barding Armor
32:27 Padded Archer Armor
32:18 Fletching
32:52 Ballistics
32:13 Treadmill Crane
34:45 Pikeman
35:25 Squires
35:11 Arson
41:43 Squires
43:28 Thumb Ring
43:22 Elite Skirmisher
44:38 Imperial Skirmisher
52:54 Chemistry
51:50 Murder Holes
53:43 Hand Cart
54:18 Town Patrol
54:47 Paper Money
55:06 Elite Battle Elephant
57:02 Iron Casting
56:47 Chain Barding Armor
56:43 Leather Archer Armor
56:23 Bodkin Arrow
56:30 Scale Mail Armor
57:21 Bodkin Arrow
59:52 Crop Rotation
60:24 Two-Man Saw
64:27 Ring Archer Armor
64:18 Chain Barding Armor
63:59 Bracer
64:15 Chain Mail Armor
89:29 Light Cavalry
yangcongze30
5:44 Loom
11:32 Feudal Age
13:27 Wheelbarrow
13:32 Double-Bit Axe
16:05 Castle Age
18:49 Fervor
19:18 Bow Saw
18:53 Horse Collar
19:57 Heavy Plow
20:59 Sanctity
24:40 Hand Cart
31:56 Imperial Age
29:42 Town Watch
31:05 Chemistry
30:46 Town Patrol
31:01 Masonry
32:26 Wagenburg Tactics
32:49 Elite Hussite Wagon
33:50 Conscription
33:52 Fletching
34:27 Ballistics
34:40 Architecture
34:17 Siege Engineers
34:11 Treadmill Crane
36:54 Bodkin Arrow
41:29 Bracer
42:54 Pikeman
43:34 Squires
43:20 Arson
44:21 Scale Mail Armor
44:31 Forging
47:03 Houfnice
48:05 Chain Mail Armor
48:26 Iron Casting
47:16 Halberdier
50:45 Two-Man Saw
51:52 Plate Mail Armor
52:23 Blast Furnace
82:23 Bombard Tower
82:59 Hussite Reforms
87:59 Cavalier
88:47 Husbandry
88:09 Cavalier
88:09 Light Cavalry
88:59 Scale Barding Armor
93:23 Chain Barding Armor
95:45 Caravan
95:57 Guilds
PuraTripa
0:30 Loom
10:47 Feudal Age
11:18 Double-Bit Axe
11:33 Horse Collar
11:51 Fishing Lines
18:19 Castle Age
19:19 Bow Saw
19:18 Heavy Plow
19:18 Fishing Lines
21:21 Wheelbarrow
21:14 Medium Warships
21:26 Gillnets
23:08 Hand Cart
23:28 Fletching
24:05 Gold Mining
28:08 Demolition Ship
29:33 Bodkin Arrow
29:38 Padded Archer Armor
29:55 Forging
29:46 Scale Mail Armor
29:51 Scale Barding Armor
29:40 Elite Skirmisher
31:32 Leather Archer Armor
35:10 Imperial Age
33:59 Careening
34:03 Clinker Construction
33:26 Pikeman
34:08 Squires
33:56 Arson
36:12 Ballistics
37:47 Chemistry
39:49 Gold Shaft Mining
39:57 Conscription
43:06 Heavy Cavalry Archer
43:52 Thumb Ring
43:50 Bracer
45:05 Ring Archer Armor
47:11 Shipwright
47:59 Murder Holes
48:15 Masonry
49:04 Sappers
51:08 Husbandry
51:19 Bloodlines
54:21 Rocketry
55:05 Architecture
54:56 Dry Dock
54:29 Heated Shot
66:57 Two-Man Saw
71:12 Light Cavalry
72:17 Chain Barding Armor
72:33 Iron Casting
76:12 Blast Furnace
78:45 Heavy Demolition Ship
99:47 Halberdier
100:44 Chain Mail Armor
Connection lost

Rejoining the realm…

Still unreachable

The connection could not be restored.

Session expired

The server has moved on; the page needs a fresh start.